| TOP OF THE 1ST |
|
Wisconsin Timber Rattlers batting - Pitching for Lakewood BlueClaws : RHP Josh Howell
|
|
Pitching: RHP Josh Howell
|
|
|
Batting: SHB Robert Sayer
|
0-0: Ground out 6-3 (Groundball, 6MS, EV 71.9 MPH)
|
|
Batting: RHB Ryan Miller
|
0-0: Called Strike 0-1: Foul Ball, location: 2F 0-2: Ball 1-2: Ball 2-2: Ball 3-2: Base on Balls
|
|
Batting: LHB Jason Raker
|
0-0: Called Strike 0-1: Called Strike 0-2: Foul Ball, location: 2F 0-2: Ball Wild Pitch! Ryan Miller to second 1-2: Ground out 4-3 (Groundball, 4, EV 105.0 MPH) Ryan Miller to third
|
|
Batting: SHB Jerry Duffy
|
0-0: Ball 1-0: SINGLE (Groundball, 6D, EV 105.6 MPH) Ryan Miller scores
|
|
Batting: RHB Alfredo Sena
|
0-0: Ball 1-0: Called Strike Jerry Duffy steals 2nd base 1-1: Ball 2-1: Foul Ball, location: 2F 2-2: Ball 3-2: Base on Balls
|
|
Batting: RHB Jon Warren
|
0-0: Called Strike 0-1: SINGLE (Line Drive, 8RS, EV 100.0 MPH) Jerry Duffy to third Alfredo Sena to second Runner from 3rd tries for Home, SAFE, throw by CF to trailing runner, OUT at third! 8-3-5
|
| Top of the 1st over - 2 runs, 2 hits, 0 errors, 1 left on base; Wisconsin 2 - Lakewood 0 |
| BOTTOM OF THE 1ST |
|
Lakewood BlueClaws batting - Pitching for Wisconsin Timber Rattlers : RHP Elijah Seabrooks
|
|
Pitching: RHP Elijah Seabrooks
|
|
|
Batting: LHB Matt Urbanek
|
0-0: Ground out 6-3 (Groundball, 6D, EV 81.2 MPH)
|
|
Batting: RHB Vaclav Been
|
0-0: SINGLE (Groundball, 56S, EV 66.9 MPH) (infield hit)
|
|
Batting: RHB Mike Bell
|
0-0: Fly out, F7 (Line Drive, 7S, EV 86.2 MPH)
|
|
Batting: RHB Victor Arias
|
0-0: Called Strike 0-1: Called Strike 0-2: Ball 1-2: Ball 2-2: Foul Ball, location: 2F 2-2: Ground out 4-3 (Groundball, 34, EV 103.1 MPH)
|
| Bottom of the 1st over - 0 runs, 1 hit, 0 errors, 1 left on base; Wisconsin 2 - Lakewood 0 |
| TOP OF THE 2ND |
|
Wisconsin Timber Rattlers batting - Pitching for Lakewood BlueClaws : RHP Josh Howell
|
|
Batting: RHB Dan Allred
|
0-0: Called Strike 0-1: Called Strike 0-2: Ball 1-2: Ball 2-2: Ground out 3-1 (Groundball, 34S, EV 83.8 MPH)
|
|
Batting: RHB Juan Villanueva
|
0-0: Ball 1-0: Ground out U3 (Groundball, 3, EV 86.9 MPH)
|
|
Batting: RHB Dusty Bates
|
0-0: Called Strike 0-1: DOUBLE (Line Drive, 9LS, EV 100.6 MPH)
|
|
Batting: SHB Robert Sayer
|
0-0: Ball 1-0: Ball 2-0: Foul Ball, location: 2F 2-1: Foul Ball, location: 2F 2-2: Foul Ball, location: 2F 2-2: Ground out 2-3 (Groundball, 15S, EV 66.2 MPH)
|
| Top of the 2nd over - 0 runs, 1 hit, 0 errors, 1 left on base; Wisconsin 2 - Lakewood 0 |
| BOTTOM OF THE 2ND |
|
Lakewood BlueClaws batting - Pitching for Wisconsin Timber Rattlers : RHP Elijah Seabrooks
|
|
Batting: LHB Eric Farren
|
0-0: Ball 1-0: Ground out 6-3 (Groundball, 6, EV 83.8 MPH)
|
|
Batting: RHB Trent Hedrick
|
0-0: Foul Ball, location: 2F 0-1: Ball 1-1: Ground out 5-3 (Groundball, 56S, EV 74.4 MPH)
|
|
Batting: SHB Steve DeRienzo
|
0-0: Foul Ball, location: 2F 0-1: Ball 1-1: Swinging Strike 1-2: Ball 2-2: Strikes out looking
|
| Bottom of the 2nd over - 0 runs, 0 hits, 0 errors, 0 left on base; Wisconsin 2 - Lakewood 0 |
| TOP OF THE 3RD |
|
Wisconsin Timber Rattlers batting - Pitching for Lakewood BlueClaws : RHP Josh Howell
|
|
Batting: RHB Ryan Miller
|
0-0: Ball 1-0: Called Strike 1-1: Fly out, F8 (Flyball, 89D, EV 96.9 MPH)
|
|
Batting: LHB Jason Raker
|
0-0: Ground out 4-3 (Groundball, 4, EV 78.8 MPH)
|
|
Batting: SHB Jerry Duffy
|
0-0: Ball 1-0: Called Strike 1-1: Called Strike 1-2: Foul Ball, location: 2F 1-2: SINGLE (Line Drive, 7LS, EV 106.2 MPH)
|
|
Batting: RHB Alfredo Sena
|
0-0: Ball 1-0: Ball 2-0: Ball 3-0: Called Strike 3-1: Base on Balls Jerry Duffy to second
|
|
Batting: RHB Jon Warren
|
0-0: Called Strike 0-1: Called Strike 0-2: Ground out 3-1 (Groundball, 34, EV 82.5 MPH)
|
| Top of the 3rd over - 0 runs, 1 hit, 0 errors, 2 left on base; Wisconsin 2 - Lakewood 0 |
| BOTTOM OF THE 3RD |
|
Lakewood BlueClaws batting - Pitching for Wisconsin Timber Rattlers : RHP Elijah Seabrooks
|
|
Batting: RHB Johnny Burroughs
|
0-0: Foul Ball, location: 2F 0-1: Ball 1-1: Ball 2-1: SINGLE (Line Drive, 78S, EV 103.1 MPH)
|
|
Batting: RHB Cory Bonham
|
0-0: Called Strike 0-1: Ball Wild Pitch! Johnny Burroughs to second 1-1: Ball 2-1: Swinging Strike 2-2: Strikes out swinging
|
|
Batting: LHB Matt Urbanek
|
0-0: Ball 1-0: Called Strike 1-1: Foul Ball, location: 2F 1-2: Ball 2-2: Strikes out swinging
|
|
Batting: RHB Vaclav Been
|
0-0: Ball 1-0: Ball 2-0: Ground out 6-3 (Groundball, 6MD, EV 88.8 MPH)
|
| Bottom of the 3rd over - 0 runs, 1 hit, 0 errors, 1 left on base; Wisconsin 2 - Lakewood 0 |
| TOP OF THE 4TH |
|
Wisconsin Timber Rattlers batting - Pitching for Lakewood BlueClaws : RHP Josh Howell
|
|
Batting: RHB Dan Allred
|
0-0: Called Strike 0-1: Fly out, F7 (Flyball, 78D, EV 96.2 MPH)
|
|
Batting: RHB Juan Villanueva
|
0-0: Ball 1-0: SINGLE (Line Drive, 8RS, EV 113.1 MPH)
|
|
Batting: RHB Dusty Bates
|
0-0: Foul Ball, location: 2F 0-1: Ball 1-1: Grounds into double play, 4-6-3 (Groundball, 4, EV 97.5 MPH)
|
| Top of the 4th over - 0 runs, 1 hit, 0 errors, 0 left on base; Wisconsin 2 - Lakewood 0 |
| BOTTOM OF THE 4TH |
|
Lakewood BlueClaws batting - Pitching for Wisconsin Timber Rattlers : RHP Elijah Seabrooks
|
|
Batting: RHB Mike Bell
|
0-0: Ball 1-0: Swinging Strike 1-1: Ball 2-1: Ball 3-1: Base on Balls
|
|
Batting: RHB Victor Arias
|
0-0: Called Strike Mike Bell steals 2nd base 0-1: DOUBLE (Line Drive, 7LS, EV 101.9 MPH) Mike Bell scores
|
|
Batting: LHB Eric Farren
|
0-0: Ball 1-0: Called Strike 1-1: Ball 2-1: Ground out 6-3 (Groundball, 6, EV 100.0 MPH)
|
|
Batting: RHB Trent Hedrick
|
0-0: Ball 1-0: Swinging Strike 1-1: Ball 2-1: Ball 3-1: Foul Ball, location: 2F 3-2: Foul Ball, location: 2F 3-2: Foul Ball, location: 2F 3-2: Fly out, F8 (Flyball, 8LM, EV 83.8 MPH)
|
|
Batting: SHB Steve DeRienzo
|
0-0: Ball 1-0: Foul Ball, location: 2F 1-1: Called Strike 1-2: Ground out 2-3 (Groundball, 2L, EV 64.4 MPH)
|
| Bottom of the 4th over - 1 run, 1 hit, 0 errors, 1 left on base; Wisconsin 2 - Lakewood 1 |
| TOP OF THE 5TH |
|
Wisconsin Timber Rattlers batting - Pitching for Lakewood BlueClaws : RHP Josh Howell
|
|
Batting: SHB Robert Sayer
|
0-0: Ball 1-0: Swinging Strike 1-1: Foul Ball, location: 2F 1-2: Fly out, F9 (Flyball, 9, EV 74.4 MPH)
|
|
Batting: RHB Ryan Miller
|
0-0: Foul Ball, location: 2F 0-1: Swinging Strike 0-2: Ball 1-2: Foul Ball, location: 2F 1-2: Ball 2-2: SINGLE (Groundball, 5S, EV 61.9 MPH) (infield hit)
|
|
Batting: LHB Jason Raker
|
0-0: Called Strike 0-1: Fielders Choice at 2nd, U6 (Groundball, P, EV 86.2 MPH)
|
|
Batting: SHB Jerry Duffy
|
0-0: Ball 1-0: Ball 2-0: Swinging Strike 2-1: Called Strike Pickoff Throw by Catcher to First - Error! E2 Jason Raker to second 2-2: Ball 3-2: Strikes out looking
|
| Top of the 5th over - 0 runs, 1 hit, 1 error, 1 left on base; Wisconsin 2 - Lakewood 1 |
| BOTTOM OF THE 5TH |
|
Lakewood BlueClaws batting - Pitching for Wisconsin Timber Rattlers : RHP Elijah Seabrooks
|
|
Batting: RHB Johnny Burroughs
|
0-0: Ball 1-0: Ball 2-0: Called Strike 2-1: Called Strike 2-2: Strikes out swinging
|
|
Batting: RHB Cory Bonham
|
0-0: Called Strike 0-1: Foul Ball, location: 2F 0-2: Ball 1-2: Fly out, F8 (Flyball, 8LM, EV 89.4 MPH)
|
|
Batting: LHB Matt Urbanek
|
0-0: Fly out, F8 (Flyball, 8RM, EV 97.5 MPH)
|
| Bottom of the 5th over - 0 runs, 0 hits, 0 errors, 0 left on base; Wisconsin 2 - Lakewood 1 |
| TOP OF THE 6TH |
|
Wisconsin Timber Rattlers batting - Pitching for Lakewood BlueClaws : RHP Josh Howell
|
|
Batting: RHB Alfredo Sena
|
0-0: Foul Ball, location: 2F 0-1: Foul Ball, location: 2F 0-2: Ball 1-2: Ball 2-2: Ball 3-2: Base on Balls
|
|
Pitching: RHP Ramon Mena
|
|
|
Batting: RHB Jon Warren
|
0-0: Called Strike 0-1: Hit by Pitch Alfredo Sena to second
|
|
Batting: RHB Dan Allred
|
0-0: Ball 1-0: Called Strike 1-1: Fielders Choice at 2nd, 1-6 (Groundball, 13, EV 75.6 MPH) Alfredo Sena to third
|
|
Batting: RHB Juan Villanueva
|
0-0: Foul Ball, location: 2F 0-1: Foul Ball, location: 2F 0-2: Foul Ball, location: 2F 0-2: Reached on error, E4 (Groundball, 34S, EV 81.9 MPH) Alfredo Sena scores Dan Allred to second
|
|
Batting: RHB Dusty Bates
|
0-0: Ball 1-0: Ball 2-0: Grounds into double play, 4-6-3 (Groundball, 4MS, EV 92.5 MPH)
|
| Top of the 6th over - 1 run, 0 hits, 1 error, 1 left on base; Wisconsin 3 - Lakewood 1 |
| BOTTOM OF THE 6TH |
|
Lakewood BlueClaws batting - Pitching for Wisconsin Timber Rattlers : RHP Elijah Seabrooks
|
|
Batting: RHB Vaclav Been
|
0-0: Ball 1-0: Called Strike 1-1: Ball 2-1: Fly out, F8 (Flyball, 8LS, EV 91.2 MPH)
|
|
Batting: RHB Mike Bell
|
0-0: Called Strike 0-1: Foul Ball, location: 2F 0-2: Foul Ball, location: 2F 0-2: Strikes out swinging
|
|
Batting: RHB Victor Arias
|
0-0: Ball 1-0: Foul Ball, location: 2F 1-1: Swinging Strike 1-2: Foul Ball, location: 2F 1-2: SINGLE (Line Drive, 7S, EV 93.1 MPH)
|
|
Batting: LHB Eric Farren
|
0-0: Ball 1-0: Ball Victor Arias steals 2nd base 2-0: Called Strike 2-1: Fly out, F8 (Flyball, 8LD, EV 95.6 MPH)
|
| Bottom of the 6th over - 0 runs, 1 hit, 0 errors, 1 left on base; Wisconsin 3 - Lakewood 1 |
| TOP OF THE 7TH |
|
Wisconsin Timber Rattlers batting - Pitching for Lakewood BlueClaws : RHP Ramon Mena
|
|
Batting: SHB Robert Sayer
|
0-0: Ground out 6-3 (Groundball, 6, EV 86.2 MPH)
|
|
Batting: RHB Ryan Miller
|
0-0: Ball 1-0: Ball 2-0: Called Strike 2-1: Ball 3-1: Base on Balls
|
|
Batting: LHB Jason Raker
|
0-0: Ball 1-0: Called Strike 1-1: Ball 2-1: Ball 3-1: Swinging Strike 3-2: Base on Balls Ryan Miller to second
|
|
Batting: SHB Jerry Duffy
|
0-0: Ball 1-0: Called Strike 1-1: Ball 2-1: Foul Ball, location: 2F 2-2: Strikes out swinging
|
|
Batting: RHB Alfredo Sena
|
0-0: Ball 1-0: Ball 2-0: Called Strike 2-1: Foul Ball, location: 2F 2-2: Ball 3-2: Base on Balls Ryan Miller to third Jason Raker to second
|
|
Batting: RHB Jon Warren
|
0-0: Foul Ball, location: 2F 0-1: Ball 1-1: DOUBLE (Line Drive, 89XD, EV 103.8 MPH) Ryan Miller scores Jason Raker scores Alfredo Sena to third Runner from 3rd tries for Home, SAFE, throw by RF to home
|
|
Pitching: RHP Jeff van Schaik
|
|
|
Batting: RHB Dan Allred
|
0-0: Swinging Strike 0-1: Ball 1-1: Called Strike 1-2: Ball 2-2: Strikes out swinging
|
| Top of the 7th over - 3 runs, 1 hit, 0 errors, 1 left on base; Wisconsin 6 - Lakewood 1 |
| BOTTOM OF THE 7TH |
|
Lakewood BlueClaws batting - Pitching for Wisconsin Timber Rattlers : RHP Elijah Seabrooks
|
|
Batting: RHB Trent Hedrick
|
0-0: Ball 1-0: Called Strike 1-1: Ball 2-1: Foul Ball, location: 2F 2-2: Strikes out looking
|
|
Batting: SHB Steve DeRienzo
|
0-0: Ball 1-0: DOUBLE (Groundball, 5L, EV 101.9 MPH)
|
|
Batting: RHB Johnny Burroughs
|
0-0: Ball 1-0: Ball 2-0: SINGLE (Line Drive, 7S, EV 96.9 MPH) Steve DeRienzo to third
|
|
Pitching: RHP Eric Fragoso
|
|
|
Batting: RHB Cory Bonham
|
0-0: Ball 1-0: Ball 2-0: Ball 3-0: Called Strike 3-1: Foul Ball, location: 2F 3-2: Strikes out looking
|
|
Batting: LHB Matt Urbanek
|
0-0: Ball 1-0: Ball 2-0: Ball 3-0: SINGLE (Groundball, P, EV 85.6 MPH) (infield hit) Steve DeRienzo scores Johnny Burroughs to second
|
|
Batting: RHB Vaclav Been
|
0-0: Swinging Strike 0-1: Swinging Strike 0-2: Fly out, F9 (Flyball, 89S, EV 85.0 MPH)
|
| Bottom of the 7th over - 1 run, 3 hits, 0 errors, 2 left on base; Wisconsin 6 - Lakewood 2 |
| TOP OF THE 8TH |
|
Wisconsin Timber Rattlers batting - Pitching for Lakewood BlueClaws : RHP Jeff van Schaik
|
|
Batting: RHB Juan Villanueva
|
0-0: Called Strike 0-1: Foul Ball, location: 2F 0-2: Ball 1-2: Strikes out looking
|
|
Batting: RHB Dusty Bates
|
0-0: Ball 1-0: Ball 2-0: Swinging Strike 2-1: Ball 3-1: Called Strike 3-2: Base on Balls
|
|
Batting: SHB Robert Sayer
|
0-0: Grounds into double play, 5-4-3 (Groundball, 56, EV 86.9 MPH)
|
| Top of the 8th over - 0 runs, 0 hits, 0 errors, 0 left on base; Wisconsin 6 - Lakewood 2 |
| BOTTOM OF THE 8TH |
|
Lakewood BlueClaws batting - Pitching for Wisconsin Timber Rattlers : RHP Eric Fragoso
|
|
Batting: RHB Mike Bell
|
0-0: Ball 1-0: Called Strike 1-1: Ground out 6-3 (Groundball, 6, EV 88.1 MPH)
|
|
Batting: RHB Victor Arias
|
0-0: Ball 1-0: Ball 2-0: Called Strike 2-1: Ball 3-1: Base on Balls
|
|
Batting: LHB Eric Farren
|
0-0: Foul Ball, location: 2F 0-1: Ball 1-1: Ball 2-1: Reached on error, E3 (Groundball, 3L, EV 88.8 MPH) Victor Arias to second
|
|
Batting: RHB Trent Hedrick
|
0-0: Ball 1-0: Foul Ball, location: 2F 1-1: Foul Ball, location: 2F 1-2: Fly out, F9 (Line Drive, 89S, EV 95.0 MPH)
|
|
Batting: SHB Steve DeRienzo
|
0-0: Called Strike 0-1: Fly out, F7 (Flyball, 7D, EV 80.6 MPH)
|
| Bottom of the 8th over - 0 runs, 0 hits, 1 error, 2 left on base; Wisconsin 6 - Lakewood 2 |
| TOP OF THE 9TH |
|
Wisconsin Timber Rattlers batting - Pitching for Lakewood BlueClaws : RHP Jeff van Schaik
|
|
Batting: RHB Ryan Miller
|
0-0: Ball 1-0: Ball 2-0: Foul Ball, location: 2F 2-1: Reached via error on a dropped throw from 2B, E3 (Groundball, 4, EV 103.8 MPH)
|
|
Batting: LHB Jason Raker
|
0-0: DOUBLE (Flyball, 8RXD, EV 93.1 MPH) Ryan Miller to third
|
|
Batting: SHB Jerry Duffy
|
0-0: Ball 1-0: SINGLE (Groundball, 4MD, EV 98.1 MPH) Ryan Miller scores Jason Raker to third
|
|
Batting: RHB Alfredo Sena
|
0-0: Fly out, F7 (Flyball, 7D, EV 101.9 MPH) Runner from 3rd tags up, SCORES, no throw by LF
|
|
Batting: RHB Jon Warren
|
0-0: Ball Jerry Duffy steals 2nd base 1-0: Ball 2-0: Ground out 5-3 (Groundball, 56, EV 80.0 MPH)
|
|
Batting: RHB Dan Allred
|
0-0: Called Strike 0-1: Ball 1-1: Ball 2-1: Ball 3-1: Ground out 5-3 (Groundball, 56S, EV 84.4 MPH)
|
| Top of the 9th over - 2 runs, 2 hits, 1 error, 1 left on base; Wisconsin 8 - Lakewood 2 |
| BOTTOM OF THE 9TH |
|
Lakewood BlueClaws batting - Pitching for Wisconsin Timber Rattlers : RHP Eric Fragoso
|
|
Batting: RHB Johnny Burroughs
|
0-0: Ball 1-0: Swinging Strike 1-1: Swinging Strike 1-2: Ground out 6-3 (Groundball, 6, EV 79.4 MPH)
|
|
Batting: RHB Cory Bonham
|
0-0: Called Strike 0-1: Ball 1-1: Ball 2-1: Foul Ball, location: 2F 2-2: Fly out, F9 (Flyball, 9D, EV 100.6 MPH)
|
|
Batting: LHB Matt Urbanek
|
0-0: Foul Ball, location: 2F 0-1: Ball 1-1: Swinging Strike 1-2: Foul Ball, location: 2F 1-2: Foul Ball, location: 2F 1-2: Fly out, F8 (Flyball, 8RS, EV 88.8 MPH)
|
| Bottom of the 9th over - 0 runs, 0 hits, 0 errors, 0 left on base; Wisconsin 8 - Lakewood 2 |
|